 Dungeon Crawl Stone Soup version 0.27-a0-773-gaaee5cf45b (webtiles) character file.

Game seed: 1245347338637052429

2289 dolemite99 the Cruncher (level 9, 0/48 HPs)
             Began as a Gargoyle Gladiator on Mar 26, 2021.
             Was a Believer of Hepliaklqana.
             Slain by Joseph
             ... wielding a +3 spectral quarterstaff
              (6 damage)
             ... on level 8 of the Dungeon.
             The game lasted 00:09:11 (8901 turns).

dolemite99 the Cruncher (Gargoyle Gladiator)        Turns: 8901, Time: 00:09:12

Health: 0/48       AC: 16    Str: 21    XL:     9   Next: 40%
Magic:  9/9        EV:  8    Int:  9    God:    Hepliaklqana [**....]
Gold:   287        SH:  0    Dex: 11    Spells: 8/8 levels left

rFire    . . .     SeeInvis .   a - +0 quarterstaff
rCold    . . .     Faith    .   (shield currently unavailable)
rNeg     + . .     Spirit   .   m - +0 chain mail
rPois    ∞         Reflect  .   c - +0 helmet
rElec    +         Harm     .   (no cloak)
rCorr    .         Rampage  .   E - +0 pair of gloves
Will     .....                  (no boots)
Stlth    ..........             (no amulet)
HPRegen  0.16/turn              (no ring)
MPRegen  0.11/turn              (no ring)

@: mighty
A: reduced essence, AC +6, negative energy resistance 1, electricity resistance,
torment resistance 1, unbreathing 1, petrification resistance
a: Renounce Religion, Recall Ancestor, Ancestor Identity


You were on level 8 of the Dungeon.
You worshipped Hepliaklqana.
Hepliaklqana was pleased with you.
You visited 1 branch of the dungeon, and saw 8 of its levels.

You collected 386 gold pieces.
You spent 99 gold pieces at shops.

Inventory:

Hand Weapons
 a - a +0 quarterstaff (weapon)
 B - a +0 hunting sling
Missiles
 d - 3 throwing nets
 e - 22 poisoned darts
 i - 161 stones
 j - 126 arrows
 k - 53 sling bullets
 p - 8 boomerangs (quivered)
 A - 45 bolts
Armour
 b - a +0 leather armour
 c - a +0 helmet (worn)
 f - a +0 scale mail
 m - a +0 chain mail (worn)
 s - a +0 buckler
 w - a +0 helmet
 E - a +0 pair of gloves (worn)
Magical Staves
 J - a staff of fire
 L - a staff of cold
Jewellery
 x - a ring of willpower
 D - a ring of positive energy
 I - a ring of wizardry
Wands
 C - a wand of paralysis (12)
 G - a wand of digging (2)
 H - a wand of polymorph (8)
Scrolls
 g - 3 scrolls of amnesia
 h - a scroll of summoning {unknown}
 l - 2 scrolls of torment {unknown}
 o - 2 scrolls of enchant weapon {unknown}
 r - 2 scrolls of teleportation {unknown}
 y - a scroll of enchant armour {unknown}
 z - a scroll of magic mapping {unknown}
 F - 2 scrolls of identify {@r1}
Potions
 n - a potion of flight
 q - a potion of cancellation
 t - 3 potions of ambrosia
 v - 4 potions of curing
 K - a potion of haste {unknown}
 M - a potion of heal wounds {unknown}


   Skills:
 - Level 5.5 Fighting
 - Level 11.5 Staves
 - Level 1.7 Throwing
 + Level 0.0 Armour
 - Level 2.4 Dodging


You had 8 spell levels left.
You didn't know any spells.
Your spell library contained the following spells:

 Spells                   Type           Power      Damage    Failure   Level
 Beastly Appendage        Tmut           0%         N/A       99%         1
 Wereblood                Tmut           0%         N/A       100%        2
 Spider Form              Tmut/Pois      0%         N/A       100%        3
 Ice Form                 Ice/Tmut       0%         N/A       100%        4
 Blade Hands              Tmut           0%         N/A       100%        5


Dungeon Overview and Level Annotations

Branches:
Dungeon (8/15)             Temple (0/1) D:5
   Lair: D:8-11

Altars:
Ashenzari
Fedhas
Hepliaklqana
Makhleb
Ru
Sif Muna
Uskayaw
Wu Jian
Xom

Shops:
D:6 [

Annotations:
D:3 2 transporters, noodleboyJ's ghost, amateur HOMo
D:8 Joseph


Innate Abilities, Weirdness & Mutations

Your life essence is reduced to manifest your ancestor. (-10% HP)
Your stone body is resilient. (AC +6)
You are immune to poison.
You resist negative energy. (rN+)
You are resistant to electric shocks. (rElec)
You are resistant to unholy torment.
You can survive without breathing.
You are immune to petrification.


Message History

Joseph shouts!
Joseph unwields a +3 spectral quarterstaff.
Joseph wields a +3 hunting sling of freezing.
It is covered in frost.
Joseph shoots a sling bullet.
The sling bullet hits you but does no damage.
Found a stone staircase leading down.
You swap places.
What are your orders? t - Shout!
Orders for allies: a - Attack new target. r - Retreat! s - Stop attacking. g - Guard the area. f - Follow me.
Anything else - Cancel.
Guard this area!
Joseph shoots a sling bullet.
The sling bullet hits Tenoch!!
Joseph zaps a wand.
The mass of ice explodes!
The iceblast engulfs Tenoch!
Tenoch partially resists.
Tenoch gestures at Joseph while chanting.
The puff of frost hits Joseph!
Joseph shoots a sling bullet.
The sling bullet hits Tenoch!!
Tenoch is destroyed!
Joseph shoots a sling bullet.
The sling bullet hits you but does no damage.
Joseph shoots a sling bullet.
The sling bullet hits you! The sling bullet freezes you.
You start resting.
Joseph is nearby!
You feel very mighty all of a sudden.
Joseph shoots a sling bullet.
The sling bullet closely misses you.
Joseph zaps a wand.
The mass of ice explodes!
The iceblast engulfs you!
* * * LOW HITPOINT WARNING * * *
Joseph says, "I've waited for this moment for such a long time."
Joseph shoots a sling bullet.
The sling bullet hits you.
* * * LOW HITPOINT WARNING * * *
The sling bullet freezes you.
* * * LOW HITPOINT WARNING * * *
Joseph unwields a +3 hunting sling of freezing.
Joseph wields a +3 spectral quarterstaff.
Joseph hits you with a +3 spectral quarterstaff.
You die...

### ##.# ..## #.# #..#
...# #.# ##..# ##...#
#.## #...# #....## ##.#
###..## #.....#
#.#####....# #.....##
###..........## #......#
#.............###......##
##.######..@.............
#.# ###@...<......... #.#
#..........##.. #.#
#..........## # ###
#..........# #.........##
#........## #........#
.........#


You could see Joseph.

Vanquished Creatures
  Sigmund (D:3)
  A steam dragon (D:7)
  Menkaure (D:5)
  A water moccasin (D:6)
  A sky beast (D:5)
  A hornet zombie (D:5)
  A black bear (D:6)
  2 ice beasts
  An ogre (D:4)
  Blork the orc (D:6)
  A bullfrog (D:7)
  A wyvern skeleton (D:7)
  A crimson imp (D:6)
  2 hounds (D:6)
  A jelly (D:6)
  An orc priest (D:7)
  Jessica (D:3)
  4 iguanas
  4 orc wizards (D:4)
  A killer bee zombie (D:5)
  5 adders
  2 white imps
  An adder skeleton (D:4)
  3 worms
  4 dart slugs
  12 orcs
  6 ball pythons
  6 bats
  9 endoplasms
  9 giant cockroaches
  7 goblins
  7 hobgoblins
  6 jackals
  5 kobolds
  2 quokkas
  10 frilled lizards (D:3)
  3 rats
125 creatures vanquished.

Vanquished Creatures (collateral kills)
  A water moccasin (D:5)
  An orc warrior (D:7)
  A bullfrog (D:6)
  A wyvern zombie (D:5)
  A centaur zombie (D:7)
  2 bullfrog zombies
  A centaur skeleton (D:7)
  A shadow imp (D:7)
  A white imp (D:6)
  An adder zombie (D:5)
  A dart slug (D:5)
  An orc (D:7)
13 creatures vanquished.

Vanquished Creatures (others)
  A battlemage (D:8)
  An ancestor (D:6)
  10 plants (D:3)
12 creatures vanquished.

Grand Total: 150 creatures vanquished

Notes
Turn   | Place    | Note
-------+----------+-------------------------------------------
     0 | D:1      | dolemite99 the Gargoyle Gladiator began the quest for the
                  | Orb.
     0 | D:1      | Reached XP level 1. HP: 12/12 MP: 1/1
   293 | D:1      | Reached XP level 2. HP: 17/17 MP: 2/2
  1024 | D:2      | Reached skill level 4 in Staves
  1174 | D:2      | Reached XP level 3. HP: 21/21 MP: 3/3
  1560 | D:2      | Reached XP level 4. HP: 23/27 MP: 4/4
  2142 | D:3      | Found a transporter.
  2373 | D:3      | Noticed Jessica
  2386 | D:3      | Killed Jessica
  2525 | D:3      | Reached skill level 5 in Staves
  2552 | D:3      | Noticed Sigmund
  2566 | D:3      | Killed Sigmund
  2567 | D:3      | Reached XP level 5. HP: 5/34 MP: 5/5
  2567 | D:3      | Reached XP level 6. HP: 5/39 MP: 6/6
  2960 | D:3      | Found a transporter.
  2960 | D:3      | Noticed noodleboyJ's ghost (amateur HOMo)
  3639 | D:4      | Noticed an ice beast
  3650 | D:4      | Killed an ice beast
  3651 | D:4      | Reached skill level 5 in Fighting
  3651 | D:4      | Reached skill level 6 in Staves
  3807 | D:4      | Reached XP level 7. HP: 7/44 MP: 7/7
  4755 | D:4      | Found a sacrificial altar of Ru.
  4793 | D:4      | Found a blossoming altar of Fedhas.
  4957 | D:4      | Reached skill level 7 in Staves
  5421 | D:5      | Entered Level 5 of the Dungeon
  5780 | D:5      | Found a staircase to the Ecumenical Temple.
  5833 | D:5      | Reached skill level 8 in Staves
  5833 | D:5      | Reached XP level 8. HP: 48/50 MP: 8/8
  5903 | D:5      | Found a hazy altar of Hepliaklqana.
  5906 | D:5      | Became a worshipper of Hepliaklqana the Forgotten
  6138 | D:5      | Noticed Menkaure
  6148 | D:5      | Killed Menkaure
  6499 | D:5      | Found a broken altar of Ashenzari.
  6709 | D:5      | Reached skill level 9 in Staves
  7258 | D:6      | Reached * piety under Hepliaklqana
  7289 | D:6      | Found an ornate altar of the Wu Jian Council.
  7289 | D:6      | Found a hide-covered altar of Uskayaw.
  7290 | D:6      | Found a shimmering blue altar of Sif Muna.
  7364 | D:6      | Noticed Blork the orc
  7374 | D:6      | Killed Blork the orc
  7431 | D:6      | Found Wuskig's Antique Armour Shoppe.
  7439 | D:6      | Bought a pair of gloves for 99 gold pieces
  7642 | D:6      | Found a shimmering altar of Xom.
  7642 | D:6      | Found a burning altar of Makhleb.
  7694 | D:6      | Reached skill level 10 in Staves
  7889 | D:6      | Reached XP level 9. HP: 48/48 MP: 9/9
  8304 | D:7      | Reached skill level 11 in Staves
  8604 | D:7      | Reached ** piety under Hepliaklqana
  8605 | D:7      | Remembered your ancestor Tenoch as a battlemage
  8883 | D:8      | Noticed Joseph
  8901 | D:8      | Slain by Joseph

Illustrated notes

Levels and vault maps discovered:
D:1:      minmay_arrival_diagonal_passages, layout_basic, minivault_25
D:2:      layout_basic
D:3:      layout_loops_ring, gammafunk_ghost_mausoleum, minmay_lizard_king,
          uniq_sigmund, uniq_jessica
D:4:      layout_loops_ring, hangedman_ru_absence, serial_glass,
          glass_columns_a, glass_columns_a, glass_columns_a, glass_columns_a,
          fedhas_altar_4
D:5:      layout_gridville, cheibrodos_ashenzari_chains, kennysheep_mini_moat,
          minmay_temple_entry_junction, nicolae_underground_beach, uniq_menkaure
D:6:      layout_cave_pools, grunt_temple_overflow_champion_of_chaos,
          chequers_temple_overflow_statue_of_worship, serial_shops,
          nicolae_shop_trees, uniq_blork_the_orc
D:7:      layout_rooms
D:8:      layout_layer_cave, dpeg_oklobed_lair, uniq_joseph, uniq_gastronok

Skill      XL: |  1  2  3  4  5  6  7  8  9 |
---------------+----------------------------+-----
Staves         | 4 5 6 8 10 11 | 11.5
Fighting       | 4 5 |  5.5
Throwing       | |  1.7
Dodging        | |  2.4

Action                   |  1- 3 |  4- 6 |  7- 9 || total
-------------------------+-------+-------+-------++-------
Melee: Quarterstaff      |   110 |   126 |   277 ||   513
Throw: Boomerang         |       |    17 |    12 ||    29
Invok: Ancestor Life: Ba |       |       |     1 ||     1
  Use: Potion            |       |       |     4 ||     4
       Scroll            |       |       |     5 ||     5
 Stab: Distracted        |       |       |     4 ||     4
Armor: Leather armour    |     2 |       |       ||     2
       Scale mail        |    51 |       |       ||    51
       Chain mail        |    32 |    88 |   201 ||   321
Dodge: Dodged            |    57 |    40 |   101 ||   198

Table legend: (Time is in decaauts)
 A = Elapsed time spent in this place.
 B = Non-inter-level travel time spent in this place.
 C = Inter-level travel time spent in this place.
 D = Time resting spent in this place.
 E = Time spent auto-exploring this place.
 F = Levels seen in this place.
 G = Mean time per level.
                   A        B        C        D        E       F      G
               +--------+--------+--------+--------+--------+-----+--------+
         Total |   8888 |   8726 |    162 |   2936 |   4361 |   8 | 1111.0 |
       Dungeon |   8888 |   8726 |    162 |   2936 |   4361 |   8 | 1111.0 |
               +--------+--------+--------+--------+--------+-----+--------+

Top non-repeatable levels by time:
     D:4: 2089 daAuts
     D:5: 1771 daAuts
     D:3: 1269 daAuts
     D:2: 1120 daAuts
     D:6: 983 daAuts
     D:1: 960 daAuts
     D:7: 625 daAuts
     D:8: 67 daAuts
